 Dungeon Crawl Stone Soup version 0.19.5 (webtiles) character file.

629 Zhenya24pyc the Cudgeler (level 7, 0/44 HPs)
             Began as a Gargoyle Fighter on Apr 12, 2017.
             Killed by nerve-wracking pain
             ... invoked by Menkaure
              (3 damage)
             ... on level 4 of the Dungeon.
             The game lasted 00:06:39 (3101 turns).

Zhenya24pyc the Cudgeler (Gargoyle Fighter)         Turns: 3101, Time: 00:06:41

Health: 0/44       AC: 13    Str: 23    XL:     7   Next: 48%
Magic:  0/7        EV:  8    Int:  9    God:
Gold:   120        SH: 10    Dex: 13    Spells: 0 memorised, 6 levels left

rFire  . . .     SeeInvis .     a - +0 flail
rCold  . . .     Gourm    .     b - +0 scale mail
rNeg   + . .     Faith    .     c - +0 shield
rPois  ∞         Spirit   +     (no helmet)
rElec  +         Reflect  .     z - +0 cloak
rCorr  .         Harm     .     (no gloves)
MR     .....                    (no boots)
Stlth  ..........               y - amulet of guardian spirit
                                D - +3 ring of dexterity
                                i - +3 ring of strength

@: no status effects
A: negative energy resistance 1, electricity resistance, unbreathing,
petrification resistance, rot immunity, AC +4
a: no special abilities


You were on level 4 of the Dungeon.
You were not hungry.

You visited 1 branch of the dungeon, and saw 4 of its levels.

You collected 212 gold pieces.
You spent 92 gold pieces at shops.

Inventory:

Hand Weapons
 a - a +0 flail (weapon)
Armour
 b - a +0 scale mail (worn)
 c - a +0 shield (worn)
 z - a +0 cloak (worn)
Jewellery
 i - a +3 ring of strength (left hand)
 y - an amulet of guardian spirit (around neck)
 D - a +3 ring of dexterity (right hand)
Scrolls
 h - 2 scrolls of blinking {unknown}
 k - 2 scrolls of enchant weapon {unknown}
 m - 2 scrolls of fog
 q - a scroll of magic mapping {unknown}
 r - 2 scrolls of enchant armour {unknown}
 t - 3 scrolls of teleportation
 v - a scroll of amnesia {unknown}
 B - 2 scrolls of remove curse
Potions
 d - 2 potions of might
 e - 3 potions of curing
 g - 2 potions of degeneration
 l - a potion of cure mutation
 n - 2 potions of lignification
 p - a potion of heal wounds
 s - a potion of brilliance
 w - 2 potions of flight
 x - 2 potions of magic
 A - a potion of cancellation
Comestibles
 f - 3 bread rations
 j - 3 chunks of flesh
 o - a meat ration
 u - 3 fruits


   Skills:
 + Level 4.3 Fighting
 * Level 6.3 Maces & Flails
 + Level 4.1 Armour
 + Level 1.8 Dodging
 + Level 4.1 Shields


You had 6 spell levels left.
You didn't know any spells.

Dungeon Overview and Level Annotations

Branches:
Dungeon (4/15)
 Temple: D:4-7

Altars:
Gozag
Kikubaaqudgha
Nemelex Xobeh
Zin

Shops:
D:4 *?}

Annotations:
D:4 Menkaure


Innate Abilities, Weirdness & Mutations

You are resistant to torment.
Your stone body is resilient. (AC +4)
You are immune to poison.
You resist negative energy. (rN+)
You are resistant to electric shocks. (rElec)
You can survive without breathing.
You are immune to petrification.
You are immune to rotting.


Message History

Menkaure seems to speed up.
You sock Menkaure!
Menkaure is moderately damaged.
You block Menkaure's attack. Menkaure barely misses you.
You hit Menkaure but do no damage.
Menkaure is moderately damaged.
Menkaure casts a spell at you. Pain shoots through your body!
* * * LOW HITPOINT WARNING * * *
You barely miss Menkaure.
Menkaure is moderately damaged.
Menkaure hits you.
* * * LOW HITPOINT WARNING * * *
You hit Menkaure.
Menkaure is heavily damaged.
Menkaure hits you.
* * * LOW HITPOINT WARNING * * *
Menkaure casts a spell at you. Pain shoots through your body!
You die...

.......<.#######.######.##.......
##.#.....# #.# #.##...#...
#.......# #.######.##....†..
#...#...# #.#......#########
#.......# #.#.#######.......
....#.#.## #.#.######.....###
###.#....# #.#.....##..##.# #
#.###..# #.#####.##..##.### ..
#..# #####@..........##.#.(
#.#####..# #...M######....###.#.#
.........# #.##....# ###### #.#.#
#.######.###.##..#'### #.#..
#..)....###.'∩'.# #.###
+....#).......##+#.# #....
#############.##...#### #####
#.###.....# # #. +.....# #


You could see Menkaure.

Vanquished Creatures
  The ghost of Zhenya24pyc the Cudgeler, a novice GrFi (D:3)
  2 ogres (D:4)
  Jessica (D:3)
  Ijyb (D:2)
  Terence (D:2)
  A worker ant (D:4)
  4 adders (D:3)
  An ooze (D:1)
  A worm (D:3)
  A leopard gecko (D:1)
  9 orcs
  A ball python (D:3)
  5 bats
  4 giant cockroaches
  14 goblins
  7 hobgoblins
  6 jackals
  4 frilled lizards
  4 kobolds
  A leopard gecko skeleton (D:4)
  11 rats
80 creatures vanquished.

Notes
Turn   | Place    | Note
-------+----------+-------------------------------------------
     0 | D:1      | Zhenya24pyc the Gargoyle Fighter began the quest for the Orb.
     0 | D:1      | Reached XP level 1. HP: 14/14 MP: 1/1
    73 | D:1      | Reached XP level 2. HP: 19/19 MP: 2/2
    87 | D:1      | Reached skill level 3 in Maces & Flails
   204 | D:1      | Reached XP level 3. HP: 9/23 MP: 3/3
   950 | D:2      | Noticed Ijyb
   959 | D:2      | Killed Ijyb
   959 | D:2      | Reached skill level 4 in Maces & Flails
   959 | D:2      | Reached XP level 4. HP: 23/28 MP: 4/4
  1017 | D:2      | Found an ancient bone altar of Kikubaaqudgha.
  1219 | D:2      | Found an opulent altar of Gozag.
  1250 | D:2      | Noticed Terence
  1265 | D:2      | Killed Terence
  1564 | D:3      | Noticed Zhenya24pyc's ghost (novice GrFi)
  1667 | D:3      | Reached skill level 5 in Maces & Flails
  1669 | D:3      | Reached XP level 5. HP: 3/32 MP: 1/5
  1929 | D:3      | Noticed Jessica
  1940 | D:3      | Killed Jessica
  2028 | D:3      | Found a sparkling altar of Nemelex Xobeh.
  2255 | D:3      | Killed Zhenya24pyc's ghost
  2255 | D:3      | Reached skill level 6 in Maces & Flails
  2255 | D:3      | Reached skill level 1 in Dodging
  2255 | D:3      | Reached XP level 6. HP: 6/38 MP: 2/6
  2505 | D:3      | Reached XP level 7. HP: 39/43 MP: 7/7
  2643 | D:3      | Found a glowing silver altar of Zin.
  2643 | D:3      | Noticed an angel
  2785 | D:4      | Found Huloirchi's Magic Scroll Shoppe.
  2790 | D:4      | Bought a scroll of identify for 26 gold pieces
  2847 | D:4      | Found Teacig's Gadget Emporium.
  3009 | D:4      | Found Bocaumpo's General Store.
  3012 | D:4      | Bought a scroll of remove curse for 33 gold pieces
  3012 | D:4      | Bought a potion of curing for 33 gold pieces
  3065 | D:4      | Noticed Menkaure
  3101 | D:4      | Killed from afar by Menkaure

Skill      XL: |  1  2  3  4  5  6  7 |
---------------+----------------------+-----
Maces & Flails | 3 4 5 6 |  6.3
Dodging        | 1 |  1.8
Fighting       | 4 |  4.3
Armour         | 4 |  4.1
Shields        | 4 |  4.1

Action                   |  1- 3 |  4- 6 |  7- 9 || total
-------------------------+-------+-------+-------++-------
Melee: Flail             |   115 |   169 |    50 ||   334
  Use: Scroll            |       |     1 |    10 ||    11
  Eat: Chunk             |       |     6 |     2 ||     8
Armor: Scale mail        |    49 |    71 |    11 ||   131
Dodge: Dodged            |    38 |    54 |    14 ||   106
Block: Shield            |    62 |    93 |    25 ||   180
